Map: Ultralove

Players

FalconsSolar (Solar) - Winner!

  • Race: Zerg Zerg
  • Spawn Location: 1:00

Mute

  • Race: Protoss Protoss
  • League: Master
  • Spawn Location: 7:00

VOD

Have the link to the VOD?

Description

Time

  • Played on: May 13, 2025, 9:07 p.m.
  • Length: 11:19
Show
View Real Time Build Order
Export as new Build Order

FalconsSolar Zerg - Winner!

Build Orders: Hatch First, Lurkers 

Get SALT Encoding   

  12  0:00  Drone  
  13  0:09  Drone  
  14  0:14  Extractor  
  14  0:15  Drone  
  15  0:22  Overlord  
  15  0:41  Drone  
  16  0:46  Hatchery  
  16  0:48  Drone  
  16  0:52  Drone  
  16  0:56  Drone  
  18  1:06  Extractor  
  17  1:11  Spawning Pool  
  17  1:14  Drone  
  17  1:17  Drone  
  18  1:27  Drone  
  19  1:37  Drone  
  20  1:48  Drone  
  21  1:58  Queen x2  
  21  1:59  Zergling x2  
  21  2:00  Overlord  
  26  2:09  Zergling x2  
  26  2:10  Drone  
  26  2:12  Metabolic Boost  
  28  2:20  Drone  
  28  2:21  Drone  
  30  2:34  Drone x2  
  32  2:38  Hatchery  
  32  2:40  Overlord  
  31  2:48  Queen  
  33  2:51  Drone  
  33  2:55  Drone  
  33  2:56  Drone  
  36  3:03  Drone  
  37  3:06  Drone x3  
  37  3:09  Overlord  
  37  3:12  Drone x2  
  42  3:14  Drone  
  42  3:19  Zergling x2  
  44  3:20  Spore Crawler  
  44  3:21  Drone  
  44  3:27  Queen  
  44  3:30  Zergling x2  
  44  3:32  Zergling x2  
  48  3:36  Overlord  
  48  3:40  Drone  
  49  3:42  Drone  
  49  3:43  Spore Crawler  
  49  3:45  Queen  
  49  3:47  Drone  
  51  3:52  Drone x3  
  53  3:58  Queen  
  53  4:02  Drone x2  
  57  4:07  Drone  
  57  4:08  Overlord  
  58  4:11  Drone x3  
  58  4:13  Drone  
  62  4:18  Zergling x2  
  62  4:20  Zergling x2  
  62  4:21  Spore Crawler  
  63  4:29  Drone  
  63  4:30  Drone  
  65  4:31  Drone x3  
  65  4:34  Zergling x2  
  65  4:36  Roach Warren  
  65  4:38  Overlord  
  68  4:39  Drone x2  
  68  4:43  Lair  
  70  4:47  Drone x3  
  70  4:48  Evolution Chamber  
  70  4:49  Extractor  
  70  4:51  Drone x3  
  73  4:54  Overlord  
  73  4:57  Drone  
  73  4:59  Drone x2  
  77  5:00  Drone  
  77  5:01  Drone  
  77  5:03  Zergling x2  
  78  5:08  Drone  
  78  5:10  Hatchery  
  78  5:12  Extractor  
  78  5:13  Drone x2  
  78  5:14  Extractor  
  78  5:15  Drone  
  78  5:17  Zergling x4  
  78  5:18  Zergling x2, Extractor  
  81  5:22  Overlord  
  81  5:26  Drone x3  
  83  5:29  Drone x3  
  83  5:31  Drone  
  88  5:35  Drone  
  88  5:41  Hydralisk Den  
  88  5:42  Overlord, Zerg Missile Weapons Level 1, Extractor  
  86  5:43  Drone  
  86  5:44  Zergling x6  
  86  5:47  Overseer  
  86  5:48  Overlord  
  90  5:51  Drone  
  90  5:52  Drone x3  
  94  5:58  Overlord  
  89  6:10  Overlord x2  
  89  6:11  Hydralisk x4  
  89  6:13  Grooved Spines  
  89  6:14  Infestation Pit  
  89  6:17  Hydralisk x3  
  102  6:21  Hydralisk x2, Extractor  
  102  6:23  Zergling x2  
  102  6:25  Drone x3  
  109  6:26  Drone  
  109  6:31  Zergling x6  
  113  6:37  Drone x4  
  115  6:40  Hydralisk  
  115  6:44  Hydralisk  
  116  6:51  Hive, Drone x5  
  116  6:52  Lurker Den  
  120  6:56  Extractor  
  120  6:57  Overlord  
  120  6:58  Hydralisk x3  
  120  7:00  Zergling x4  
  126  7:03  Muscular Augments  
  126  7:05  Hydralisk  
  126  7:06  Zergling x4  
  129  7:08  Overlord  
  128  7:16  Overlord, Zergling x4  
  128  7:18  Drone  
  128  7:22  Hydralisk x4  
  138  7:26  Overlord  
  135  7:31  Zergling x2  
  135  7:33  Zergling x12  
  135  7:35  Drone  
  135  7:36  Zergling x2  
  135  7:37  Zergling x6  
  144  7:40  Hydralisk x2  
  144  7:42  Overlord  
  144  7:43  Spore Crawler  
  145  7:48  Hydralisk x2  
  145  7:49  Zergling x4  
  145  7:50  Drone  
  152  7:54  Overlord  
  152  7:56  Drone  
  152  7:57  Zerg Missile Weapons Level 2  
  153  8:05  Lurker x6  
  154  8:08  Seismic Spines  
  154  8:12  Drone x2  
  161  8:13  Spine Crawler, Drone  
  161  8:14  Spine Crawler, Hatchery  
  161  8:15  Viper  
  162  8:21  Zergling x8  
  162  8:22  Zergling x8  
  165  8:30  Lurker x2  
  165  8:32  Overlord x2  
  166  8:34  Overseer  
  166  8:35  Zergling x2  
  166  8:36  Zergling x10  
  166  8:38  Lurker  
  171  8:49  Drone  
  171  8:50  Drone x2  
  171  8:51  Lurker x3  
  171  8:53  Drone  
  171  8:54  Overlord  
  171  8:55  Drone  
  179  9:04  Pneumatized Carapace  
  179  9:05  Adaptive Talons  
  179  9:09  Hydralisk x5  
  189  9:12  Hydralisk x2  
  189  9:15  Spine Crawler  
  192  9:17  Hatchery  
  192  9:19  Zergling x16  
  192  9:21  Lurker  
  194  9:44  Adrenal Glands  
  189  9:48  Hydralisk x2  
  189  9:49  Hatchery, Zergling x10  
  189  9:50  Zergling x22  
  199  9:56  Zergling x4  
  198  10:07  Hydralisk  
  195  10:17  Hydralisk x7  
  194  10:24  Hydralisk x6  
  194  10:26  Lurker x4  
  198  10:28  Unknown  
  198  10:30  Zergling x4  
  179  10:37  Zergling x4  
  179  10:38  Hydralisk x3  
  179  10:42  Zergling x4  
  173  10:47  Hydralisk  
  158  10:52  Overseer  
  158  10:53  Hydralisk  
  158  10:54  Zergling x2  
  158  10:55  Zergling x2  
  158  10:58  Zergling x2  
  158  11:01  Zergling x6  
Show
View Real Time Build Order
Export as new Build Order

Mute Protoss 

Build Orders: 1 Gate Expand, Oracle Opening 

Get SALT Encoding   

  12  0:00  Probe  
  13  0:12  Probe  
  14  0:20  Pylon  
  14  0:24  Probe  
  15  0:34  Probe  
  15  0:40  Gateway  
  15  0:42  Probe  
  16  0:48  Assimilator  
  17  0:52  Probe  
  19  1:04  Probe  
  19  1:16  Probe  
  20  1:25  Nexus  
  20  1:34  Cybernetics Core  
  20  1:37  Probe  
  21  1:42  Assimilator  
  21  1:49  Probe  
  21  1:54  Pylon  
  22  2:01  Probe  
  23  2:09  Probe  
  23  2:11  Adept  
  26  2:18  Stargate, Probe  
  27  2:25  Warp Gate  
  27  2:29  Probe  
  27  2:33  Pylon  
  27  2:35  Probe  
  28  2:41  Adept, Probe  
  28  2:43  Probe  
  33  2:51  Oracle  
  33  2:52  Probe  
  33  2:53  Probe  
  35  3:04  Probe  
  35  3:05  Probe  
  40  3:08  Pylon  
  40  3:11  Adept  
  42  3:16  Probe  
  42  3:17  Probe  
  44  3:20  Oracle, Gateway  
  44  3:28  Probe  
  44  3:29  Probe  
  49  3:40  Probe  
  50  3:49  Probe, Nexus  
  50  3:53  Pylon  
  50  3:55  Probe  
  52  4:06  Pylon  
  52  4:09  Probe  
  53  4:10  Assimilator  
  53  4:11  Assimilator, Oracle  
  53  4:12  Probe  
  53  4:16  Twilight Council  
  57  4:22  Forge, Probe  
  58  4:24  Blink, Probe  
  59  4:34  Probe  
  59  4:35  Protoss Ground Weapons Level 1  
  59  4:36  Probe  
  59  4:37  Gateway  
  61  4:39  Gateway  
  61  4:45  Pylon  
  61  4:46  Probe  
  61  4:48  Probe  
  63  4:58  Probe  
  64  5:00  Probe  
  64  5:02  Probe  
  64  5:06  Stalker  
  64  5:07  Stalker  
  70  5:10  Probe  
  70  5:12  Probe  
  70  5:13  Shield Battery  
  72  5:15  Probe  
  72  5:19  Robotics Facility  
  73  5:22  Probe  
  73  5:25  Probe  
  73  5:27  Probe  
  76  5:29  Pylon  
  76  5:34  Probe  
  77  5:37  Probe  
  77  5:39  Probe  
  77  5:40  Stalker x3  
  77  5:41  Stalker  
  87  5:44  Pylon  
  87  5:48  Pylon  
  87  5:51  Probe  
  87  5:53  Probe  
  87  5:56  Assimilator  
  89  6:00  Assimilator  
  89  6:05  Stalker x4  
  89  6:09  Observer  
  89  6:11  Robotics Bay, Probe x2  
  100  6:17  Warp Prism  
  100  6:18  Pylon  
  100  6:20  Pylon  
  102  6:34  Protoss Ground Weapons Level 2  
  102  6:35  Stalker x4  
  106  6:54  Gateway  
  106  6:56  Gateway  
  106  6:58  Gateway x2  
  112  7:01  Pylon  
  112  7:03  Extended Thermal Lance  
  112  7:12  Colossus  
  112  7:15  Probe  
  111  7:16  Photon Cannon  
  111  7:20  Stalker x4  
  119  7:23  Pylon  
  119  7:25  Pylon  
  115  7:43  Stalker x3  
  121  7:45  Stalker  
  123  7:55  Colossus  
  123  7:56  Stalker x4  
  123  7:58  Pylon  
  131  8:00  Pylon  
  137  8:15  Nexus  
  137  8:17  Pylon  
  135  8:30  Stalker x6  
  135  8:33  Stalker x2, Charge  
  151  8:40  Observer  
  149  8:45  Probe  
  149  8:47  Probe  
  145  8:49  Photon Cannon  
  145  8:50  Shield Battery, Photon Cannon  
  145  8:51  Shield Battery  
  145  8:56  Templar Archives  
  145  9:02  Probe  
  146  9:07  Fleet Beacon  
  146  9:09  Shield Battery  
  146  9:11  Probe x2  
  146  9:14  Photon Cannon, Probe  
  149  9:23  Pylon  
  149  9:25  Immortal  
  149  9:27  Probe  
  154  9:33  Probe  
  155  9:42  Zealot  
  139  9:51  Zealot x4  
  139  9:52  Zealot x3  
  150  9:58  Gateway  
  150  10:01  Gateway  
  150  10:03  Stargate  
  150  10:07  Tempest  
  148  10:16  Zealot x5  
  148  10:17  Zealot  
  155  10:25  Gateway  
  141  10:28  Templar Archives, Gateway  
  141  10:30  Gateway  
  91  10:46  Pylon  
  91  10:49  Zealot x2  
  92  10:50  Pylon  
  78  11:00  Nexus  
  78  11:01  Pylon  
Tags
 
Add a new tag
Caveats
  • Supply blocks, unpowered buildings, or Contaminate may cause inaccurate times.
  • Supply counts are checked every 10 seconds.